 Dungeon Sprint DCSS version 0.24-a0-275-g6f7e2cb (webtiles) character file.

Game seed: 17412522912806092844

2767 Lanoc the Carver (level 10, -6/85 HPs)
             Began as a Formicid Fighter on Apr 27, 2019.
             Was an Elder of Okawaru.
             Killed from afar by a lindwurm (40 damage)
             ... with a blast of flame
             ... in the Dungeon (Sprint IX: "|||||||||||||||||||||||||||||").
             The game lasted 00:03:16 (1227 turns).

Lanoc the Carver (Formicid Fighter)                 Turns: 1227, Time: 00:03:17

Health: -6/85      AC: 12    Str: 23    XL:     10   Next: 1%
Magic:  16/16      EV: 22    Int:  9    God:    Okawaru [****..]
Gold:   0          SH: 13    Dex: 18    Spells: 8/9 levels left

rFire    . . .     SeeInvis +   q - +2 scimitar (distort)
rCold    . . .     Gourm    .   c - +0 shield
rNeg     . . .     Faith    .   r - +2 ring mail
rPois    .         Spirit   .   (helmet unavailable)
rElec    .         Reflect  .   a - +0 cloak
rCorr    .         Harm     .   (no gloves)
MR       +....                  (no boots)
Stlth    ++........             (no amulet)
HPRegen  0.24/turn              s - +2 ring of protection
MPRegen  0.15/turn              t - +3 ring of strength

@: agile, very slightly contaminated, invisible
A: permanent stasis, dig shafts and tunnels, four strong arms, antennae 3
a: Dig, Heroism, Renounce Religion


You were in the Dungeon.
You worshipped Okawaru.
Okawaru was greatly pleased with you.
You were not hungry.

You visited 1 branch

Inventory:

Hand Weapons
 p - a +4 quarterstaff of speed
 q - a +2 scimitar of distortion (weapon)
Missiles
 w - 21 poisoned needles
Armour
 a - a +0 cloak (worn)
 c - a +0 shield (worn)
 r - a +2 ring mail (worn)
Jewellery
 s - a +2 ring of protection (left hand)
 t - a +3 ring of strength (right hand)
Wands
 o - a wand of acid (10)
Scrolls
 k - 3 scrolls of blinking
 m - 4 scrolls of remove curse
 n - 2 scrolls of amnesia
 v - 3 scrolls of identify
Potions
 e - 6 potions of curing
 g - 6 potions of heal wounds
 h - 2 potions of haste
 i - 4 potions of magic
 j - a potion of berserk rage
 u - a potion of flight
Comestibles
 f - a ration


   Skills:
 + Level 10.0 Fighting
 * Level 12.0 Long Blades
 + Level 10.0 Armour
 + Level 7.7 Dodging
 + Level 10.8 Shields
 + Level 8.3 Invocations


You had 8 spell levels left.
You knew the following spells:

 Your Spells              Type           Power        Failure   Level  Hunger
a - Apportation           Tloc           #.....       52%         1    ##.....

Your spell library contained the following spells:

 Spells                   Type           Power        Failure   Level  Hunger
 Animate Skeleton         Necr           N/A          52%         1    ##.....
 Confusing Touch          Hex            #.....       52%         1    ##.....
 Summon Small Mammal      Summ           #...         52%         1    ##.....


Dungeon Overview and Level Annotations

Branches:
Dungeon (1/1)

Altars:
Cheibriados
Dithmenos
Elyvilon
Fedhas
Gozag
Hepliaklqana
Kikubaaqudgha
Makhleb
Nemelex Xobeh
Okawaru
Qazlal
Ru
Sif Muna
Trog
Uskayaw
Vehumet
Wu Jian
Xom
Yredelemnul
Zin
The Shining One
Beogh
Jiyva
Lugonu


Innate Abilities, Weirdness & Mutations

You cannot be hasted, slowed, berserked, paralysed or teleported.
You can dig through walls and to a lower floor.
Your four strong arms can wield two-handed weapons with a shield.
You have a pair of large antennae on your head. (SInv)


Message History

You block the tyrant leech's attack.
You slash the tyrant leech!
Space warps horribly around the tyrant leech!!
The tyrant leech is almost dead.
You slice the tyrant leech!!
You kill the tyrant leech!
Okawaru accepts your kill.
Your Fighting skill increases to level 10!
Your Long Blades skill increases to level 12!
Your Armour skill increases to level 10!
You have reached level 10!
The lindwurm misses you. You block the lindwurm's attack. x2
All of the chunks of flesh in your inventory have rotted away.
You hit the lindwurm.
The lindwurm is almost dead.
The lindwurm blinks!
You barely miss the tyrant leech. The lindwurm breathes flames at you.
The blast of flame hits you!!!
You die... {{ {{{{{{{{{{{{ {{{{{ { { { {{{{{

{ { ▓▓▓▓▓▓▓▓▓▓▓▓▓▓▓▓▓▓▓▓▓▓▓▓
.....÷'÷...k...§@w.www..{
▓▓▓▓▓▓▓▓▓▓▓▓▓▓▓▓▓▓▓▓▓▓▓▓▓▓▓▓▓▓▓▓▓
.................................
▓▓▓▓▓▓▓▓▓▓▓▓▓▓▓▓▓▓▓▓▓▓▓▓▓▓▓▓▓▓▓▓▓
________________'..|).[..[)....).
▓▓▓▓▓▓▓▓▓▓▓▓▓▓▓▓▓▓▓▓▓▓▓▓▓▓▓▓▓▓▓▓▓


You could see a tyrant leech (wandering), a lindwurm and 3 worms.

Vanquished Creatures
  A black mamba (D)
  A spiny frog (D)
  A komodo dragon (D)
  A rime drake (D)
  A tyrant leech (D)
  A wyvern (D)
  A basilisk (D)
  A yak (D)
  A porcupine (D)
  2 ogres (D)
  2 centaurs (D)
  3 crocodiles (D)
  2 bullfrogs (D)
  3 crimson imps (D)
  A hound (D)
  An orc priest (D)
  An adder (D)
  A leopard gecko (D)
  A bat (D)
  A hobgoblin (D)
  A frilled lizard (D)
  A rat (D)
29 creatures vanquished.

Vanquished Creatures (others)
  A crocodile (D)
1 creature vanquished.

Grand Total: 30 creatures vanquished

Notes
Turn   | Place    | Note
-------+----------+-------------------------------------------
     0 | D        | Lanoc the Formicid Fighter began the quest for the Orb.
     0 | D        | Reached XP level 1. HP: 18/18 MP: 1/1
    28 | D        | Reached skill level 1 in Dodging
    28 | D        | Reached XP level 2. HP: 10/25 MP: 2/2
   218 | D        | Noticed a centaur
   218 | D        | Noticed a centaur
   218 | D        | Noticed a crimson imp
   226 | D        | Killed a centaur
   226 | D        | Reached skill level 5 in Fighting
   226 | D        | Reached skill level 5 in Long Blades
   226 | D        | Reached skill level 5 in Shields
   226 | D        | Reached XP level 3. HP: 7/33 MP: 3/3
   226 | D        | Reached XP level 4. HP: 9/39 MP: 4/4
   228 | D        | Reached skill level 5 in Armour
   231 | D        | Killed a centaur
   231 | D        | Reached skill level 6 in Long Blades
   231 | D        | Reached XP level 5. HP: 11/46 MP: 5/5
   234 | D        | Reached XP level 6. HP: 14/52 MP: 6/6
   235 | D        | Reached skill level 7 in Long Blades
   242 | D        | Found a roughly hewn altar of Beogh.
   242 | D        | Found a snail-covered altar of Cheibriados.
   242 | D        | Found a shadowy altar of Dithmenos.
   242 | D        | Found a white marble altar of Elyvilon.
   242 | D        | Found a blossoming altar of Fedhas.
   242 | D        | Found an opulent altar of Gozag.
   243 | D        | Found a hazy altar of Hepliaklqana.
   244 | D        | Found a viscous altar of Jiyva.
   245 | D        | Found an ancient bone altar of Kikubaaqudgha.
   246 | D        | Found a corrupted altar of Lugonu.
   247 | D        | Found a burning altar of Makhleb.
   248 | D        | Found a sparkling altar of Nemelex Xobeh.
   249 | D        | Found an iron altar of Okawaru.
   250 | D        | Found a stormy altar of Qazlal.
   251 | D        | Found a sacrificial altar of Ru.
   252 | D        | Found a deep blue altar of Sif Muna.
   253 | D        | Found a bloodstained altar of Trog.
   254 | D        | Found a hide-covered altar of Uskayaw.
   255 | D        | Found a radiant altar of Vehumet.
   256 | D        | Found an ornate altar of the Wu Jian Council.
   257 | D        | Became a worshipper of Warmaster Okawaru
   258 | D        | Found a shimmering altar of Xom.
   259 | D        | Found a basalt altar of Yredelemnul.
   260 | D        | Found a glowing silver altar of Zin.
   261 | D        | Found a glowing golden altar of the Shining One.
   459 | D        | Noticed a phantom
   459 | D        | Noticed an ogre
   459 | D        | Noticed an unseen horror
   461 | D        | Reached skill level 1 in Invocations
   468 | D        | Killed an ogre
   468 | D        | Reached skill level 8 in Long Blades
   473 | D        | Reached XP level 7. HP: 43/60 MP: 6/9
   560 | D        | Noticed a shadow
   560 | D        | Noticed a cyclops
   560 | D        | Noticed a yak
   560 | D        | Noticed a soldier ant
   570 | D        | Reached skill level 5 in Dodging
   578 | D        | Killed a yak
   578 | D        | Reached * piety under Okawaru
   578 | D        | Reached skill level 9 in Long Blades
   707 | D        | Learned a level 1 spell: Apportation
   710 | D        | Noticed a wyvern
   710 | D        | Noticed a komodo dragon
   720 | D        | Killed a wyvern
   720 | D        | Reached skill level 5 in Invocations
   720 | D        | Reached XP level 8. HP: 68/68 MP: 11/11
   725 | D        | Killed a komodo dragon
   725 | D        | Reached ** piety under Okawaru
   725 | D        | Reached skill level 10 in Long Blades
   904 | D        | Noticed a rime drake
   904 | D        | Noticed a yak
   918 | D        | Killed a rime drake
   918 | D        | Reached XP level 9. HP: 68/76 MP: 12/14
   957 | D        | Noticed a black mamba
   957 | D        | Noticed a spiny frog
   959 | D        | Noticed a black mamba
   973 | D        | Reached *** piety under Okawaru
   984 | D        | Killed a spiny frog
   984 | D        | Reached skill level 11 in Long Blades
   984 | D        | Reached skill level 10 in Shields
   986 | D        | Killed a black mamba
  1000 | D        | Reached **** piety under Okawaru
  1202 | D        | Noticed a tyrant leech
  1202 | D        | Noticed a lindwurm
  1202 | D        | Noticed a tyrant leech
  1203 | D        | Noticed a tyrant leech
  1225 | D        | Killed a tyrant leech
  1225 | D        | Reached skill level 10 in Fighting
  1225 | D        | Reached skill level 12 in Long Blades
  1225 | D        | Reached skill level 10 in Armour
  1225 | D        | Reached XP level 10. HP: 33/85 MP: 16/16
  1227 | D        | Killed from afar by a lindwurm

Levels and vault maps discovered:
D:        linesprint [early_d, line_temple, items_1, d_10, items_2, lair_1,
          lair_end, items_3, orc_1, orc_end, items_4, d_15, swamp_1, shoals_1,
          snake_1, spider_1, d_20, vaults_1, items_5, swamp_end, shoals_end,
          snake_end, spider_end, vaults_end, d_27, items_6, zot_1, zot_end,
          crypt_end, forest_end, elf_end, slime_end, tomb_end, abyss_end,
          pan_hell_end]

Skill      XL: |  1  2  3  4  5  6  7  8  9 |
---------------+----------------------------+-----
Shields        | 4 5 6 7 8 9 10 | 10.8
Dodging        | 1 2 3 4 5 6 7 |  7.7
Fighting       | 5 6 7 8 9 10 | 10.0
Long Blades    | 5 6 8 9 10 12 | 12.0
Armour         | 4 5 6 8 10 | 10.0
Invocations    | 2 5 6 8 |  8.3

Action                   |  1- 3 |  4- 6 |  7- 9 | 10-12 || total
-------------------------+-------+-------+-------+-------++-------
Melee: Long sword        |    31 |     8 |       |       ||    39
       Scimitar          |       |    14 |   122 |     2 ||   138
  Use: Potion            |     1 |       |     3 |       ||     4
 Stab: Invisible         |       |       |     1 |       ||     1
  Eat: Chunk             |       |       |     1 |       ||     1
Armor: Scale mail        |    10 |     5 |       |       ||    15
       Ring mail         |       |     2 |    15 |       ||    17
Dodge: Dodged            |    11 |     7 |    30 |     1 ||    49
Block: Shield            |    17 |    12 |    50 |     2 ||    81
       Rpst.: Long sword |     3 |     1 |       |       ||     4
       Scimitar          |       |     1 |     8 |       ||     9

Table legend:
 A = Non-vault XP
 B = Vault XP
 C = Vault XP percentage of total XP
 D = Non-vault monster count
 E = Vault monster count
 F = Vault count percentage of total count
                 A         B        C        D         E       F
            +---------+---------+-------+---------+---------+-------
      Total |       0 |    3954 | 100.0 |       0 |      30 | 100.0
            +---------+---------+-------+---------+---------+-------
          D |       0 |    3954 | 100.0 |       0 |      30 | 100.0
            +---------+---------+-------+---------+---------+-------
